 Dungeon Crawl Stone Soup version 0.31-a0-1267-gfedaa18580 (webtiles) character file.

Game seed: 4935610029140530169

120 dialectric the Trooper (level 4, -3/41 HPs)
             Began as a Minotaur Fighter on Dec 17, 2023.
             Slain by a gnoll
             ... wielding a +0 halberd
              (14 damage)
             ... on level 2 of the Dungeon.
             The game lasted 00:01:26 (1196 turns).

dialectric the Trooper (Minotaur Fighter)           Turns: 1196, Time: 00:01:27

Health: -3/41      AC:  7    Str: 21    XL:     4   Next: 75%
Magic:  3/3        EV:  9    Int:  5    God:
Gold:   81         SH:  0    Dex: 11    Spells: 3/3 levels left

rFire   . . .        a - +0 long sword
rCold   . . .        (no shield)
rNeg    + . .        b - +0 scale mail
rPois   .            (helmet restricted)
rElec   .            (no cloak)
rCorr   .            (no gloves)
SInv    .            (no boots)
Will    .....        (no amulet) Stlth
                     i - ring of positive energy
HPRegen 0.26/turn    (no ring)
MPRegen 0.08/turn

%: no passive effects
@: no status effects
A: horns 2, retaliatory headbutt
a: no special abilities


You were on level 2 of the Dungeon.
You visited 1 branch of the dungeon, and saw 2 of its levels.

You collected 81 gold pieces.

Inventory:

Hand Weapons
 a - a +0 long sword (weapon)
Armour
 b - a +0 scale mail (worn)
 c - a +0 buckler
 j - a +0 chain mail
Jewellery
 i - a ring of positive energy (left hand)
Wands
 k - a wand of flame (8)
Scrolls
 e - a scroll of teleportation {unknown}
 f - 2 scrolls of enchant armour {unknown}
 h - a scroll of identify {unknown}
Potions
 d - 2 potions of might
 g - a potion of enlightenment {unknown}
 l - a potion of haste {unknown}


   Skills:
 + Level 4.9 Fighting
 + Level 4.0 Long Blades
 + Level 4.8 Armour
 - Level 3.6 Shields


You had 3 spell levels left.
You didn't know any spells.
Your spell library contained the following spells:

 Spells                   Type           Power      Damage    Failure   Level
 Apportation              Tloc           0%         N/A       80%         1
 Necrotise                Necr           0%         1d4       80%         1
 Summon Small Mammal      Summ           0%         N/A       80%         1


Dungeon Overview and Level Annotations

Branches:
Dungeon (2/15)

Altars:

Shops:
D:2 (


Innate Abilities, Weirdness & Mutations

You have a pair of horns on your head.
You reflexively headbutt those who attack you in melee.


Message History

You are too injured to fight recklessly!
You are too injured to fight recklessly!
You hit the gnoll but do no damage.
The gnoll is severely wounded.
A goblin comes into view. It is wielding a +0 dagger.
The gnoll closely misses you. x2; You furiously retaliate!
You headbutt the gnoll, but do no damage.
Unknown command.
You are too injured to fight recklessly!
The goblin shouts!
You slash the gnoll!
You kill the gnoll!
The gnoll hits you from afar with a +0 halberd.
Unknown command.
You are too injured to fight recklessly!
The gnoll hits you with a +0 halberd.
Things that are here:
a +0 club; a +0 spear; a gnoll corpse Unknown command.
The gnoll completely misses you.
Found a pair of gloves.
The gnoll attacks as it pursues you! The gnoll barely misses you.
The gnoll attacks as it pursues you!
The gnoll hits you from afar with a +0 halberd!
* * * LOW HITPOINT WARNING * * *
The gnoll attacks as it pursues you! The gnoll completely misses you.
There is an open door here.
The adder attacks as it pursues you! The adder bites you but does no damage.
You open the door. The adder barely misses you. x2
The adder attacks as it pursues you! The adder closely misses you.
You furiously retaliate!
You headbutt the adder!
There is an open door here.
You closely miss the adder. You headbutt the adder.
You kill the adder!
The gnoll hits you from afar with a +0 halberd.
* * * LOW HITPOINT WARNING * * *
Your Long Blades skill increases to level 4!
The gnoll attacks as it pursues you!
The gnoll hits you from afar with a +0 halberd!
You die...

#'## #.## #∩# #..## ....@.####
##)..##########
######.@.###..#..........#
#..###....##.######.#
......)....#.## #.#
...####.....## #.# ... ##...##
#.# ###. ##@## #.# .. ##.# #.#
#.### #. #.. # #g# #...# #. #.#
[# ##†## #.#.# #.##.####.#
##g..## #...# .........#
##.....## ###.## #.#.#..#
##.......## ###.#.####
##.#....####.........# #.........
...........'.........+.......###.


You could see a gnoll and a goblin.

Vanquished Creatures
  Jessica (D:2)
  Terence (D:2)
  2 gnolls (D:2)
  An adder (D:2)
  A worm (D:2)
  7 bats
  6 endoplasms (D:1)
  2 giant cockroaches
  5 goblins
  A hobgoblin (D:1)
  2 quokkas (D:1)
  2 ball pythons (D:1)
  2 frilled lizards (D:1)
  4 kobolds
  3 rats
40 creatures vanquished.

Notes
Turn   | Place    | Note
-------+----------+-------------------------------------------
     0 | D:1      | dialectric the Minotaur Fighter began the quest for the
                  | Orb.
     0 | D:1      | Reached XP level 1. HP: 19/19 MP: 0/0
   148 | D:1      | Reached XP level 2. HP: 25/27 MP: 1/1
   468 | D:1      | Reached XP level 3. HP: 28/33 MP: 2/2
   849 | D:2      | Noticed Terence
   862 | D:2      | Killed Terence
   964 | D:2      | Found Cior's Weapon Shoppe.
   967 | D:2      | Noticed Jessica
   995 | D:2      | Killed Jessica
   996 | D:2      | Reached XP level 4. HP: 31/41 MP: 3/3
  1196 | D:2      | Slain by a gnoll

Illustrated notes

Levels and vault maps discovered:
D:1:      ncdulo_wetmaze, layout_basic, serial_forest,
          infiniplex_forest_lined_corner, infiniplex_forest_corner_1,
          infiniplex_forest_clump_small, infiniplex_forest_corner_1,
          infiniplex_forest_clump_small, hex_large, minmay_tromino_v4_a
D:2:      layout_loops_corners, serial_shops, nicolae_shop_window_shopping,
          minivault_5, uniq_jessica, uniq_terence

Skill      XL: |  1  2  3  4 |
---------------+-------------+-----
Armour         | 4 |  4.8
Fighting       | 4 |  4.9
Long Blades    | 3 4 |  4.0
Shields        | |  3.6

Action                     |  1- 3 |  4- 6 || total
---------------------------+-------+-------++-------
  Melee: Long sword        |    90 |    16 ||   106
         Headbutt          |    10 |     3 ||    13
         Punch             |     1 |       ||     1
 Armour: Scale mail        |    69 |    18 ||    87
  Dodge: Dodged            |    43 |    18 ||    61

Table legend: (Time is in decaauts)
 A = Elapsed time spent in this place.
 B = Non-inter-level travel time spent in this place.
 C = Inter-level travel time spent in this place.
 D = Time resting spent in this place.
 E = Time spent auto-exploring this place.
 F = Levels seen in this place.
 G = Mean time per level.
                   A        B        C        D        E       F      G
               +--------+--------+--------+--------+--------+-----+--------+
         Total |   1228 |   1198 |     30 |      0 |    919 |   2 |  614.0 |
       Dungeon |   1228 |   1198 |     30 |      0 |    919 |   2 |  614.0 |
               +--------+--------+--------+--------+--------+-----+--------+

Top non-repeatable levels by time:
     D:1: 808 daAuts
     D:2: 420 daAuts
